 Dungeon Crawl Stone Soup version 0.21.1-1-g345015f (webtiles) character file.

482 diana the Slasher (level 6, 0/48 HPs)
             Began as a Demonspawn Gladiator on June 5, 2018.
             Slain by Dowan
             ... wielding a +0 dagger
              (2 damage)
             ... on level 5 of the Dungeon.
             The game lasted 00:04:00 (3316 turns).

diana the Slasher (Demonspawn Gladiator)            Turns: 3316, Time: 00:04:01

Health: 0/48       AC:  6    Str: 14    XL:     6   Next: 87%
Magic:  6/6        EV: 14    Int: 10    God:
Gold:   162        SH:  0    Dex: 16    Spells: 5/5 levels left

rFire    . . .     SeeInvis .   k - +0 great sword
rCold    . . .     Gourm    .   (shield currently unavailable)
rNeg     . . .     Faith    .   b - +0 leather armour
rPois    .         Spirit   .   c - +0 helmet
rElec    .         Reflect  .   (no cloak)
rCorr    .         Harm     .   (no gloves)
MR       .....                  (no boots)
Stlth    +.........             (no amulet)
HPRegen  0.16/turn              (no ring)
MPRegen  0.10/turn              (no ring)

@: no status effects
A: icy blue scales 1, powered by death 1, rot immunity
a: no special abilities


You were on level 5 of the Dungeon.
You were very hungry.

You visited 1 branch of the dungeon, and saw 5 of its levels.

You collected 162 gold pieces.

Inventory:

Hand Weapons
 k - a +0 great sword (weapon)
Missiles
 d - 3 throwing nets (quivered)
Armour
 b - a +0 leather armour (worn)
 c - a +0 helmet (worn)
Jewellery
 a - an uncursed amulet of faith {unknown}
 s - an uncursed ring of poison resistance {unknown}
 z - an uncursed amulet of rage {unknown}
Wands
 x - a wand of acid (7)
Scrolls
 e - 3 scrolls of random uselessness {unknown}
 g - 4 scrolls of identify {unknown}
 j - a scroll of noise {unknown}
 l - 2 scrolls of immolation {unknown}
 p - a scroll of amnesia {unknown}
 q - a scroll of teleportation {unknown}
 r - 3 scrolls of remove curse {unknown}
 u - a scroll of enchant armour {unknown}
 y - 2 scrolls of blinking {unknown}
Potions
 h - a potion of resistance {unknown}
 i - 2 potions of curing {unknown}
 m - 2 potions of brilliance {unknown}
 n - a potion of heal wounds {unknown}
 o - a potion of cancellation {unknown}
 t - a potion of degeneration {unknown}
 v - a potion of magic {unknown}
 w - a potion of might {unknown}
 A - a potion of ambrosia {unknown}
 B - a potion of agility {unknown}
Comestibles
 f - 6 rations


   Skills:
 + Level 4.0 Fighting
 * Level 5.3 Long Blades
 - Level 1.7 Throwing
 + Level 4.2 Dodging


You had 5 spell levels left.
You didn't know any spells.

Dungeon Overview and Level Annotations

Branches:
Dungeon (5/15)
 Temple: D:4-7

Altars:
Fedhas
Gozag
Nemelex Xobeh
Xom

Annotations:
D:3 diana's ghost, amateur DsGl
D:5 Dowan


Innate Abilities, Weirdness & Mutations

You are partially covered in icy blue scales. (AC +2)
You regenerate a little health from kills.
You are immune to rotting.


Message History

You see here a leopard gecko corpse.
You are too injured to fight recklessly!
You are too injured to fight recklessly!
Dowan casts a spell at you. The stone arrow misses you.
You see here a leopard gecko corpse.
Dowan hits you but does no damage.
Found a runed quarterstaff.
You hit Dowan.
Dowan is lightly wounded.
Dowan hits you with a dagger. x2
You hit Dowan.
Dowan is lightly wounded.
Dowan casts a spell at you. The shard of ice hits you!
* * * LOW HITPOINT WARNING * * *
Dowan hits you with a dagger.
* * * LOW HITPOINT WARNING * * *
Dowan hits you with a dagger.
You die...

#>......#...### #.#
+.......'...'.#.#.#
#.......#...#.#)#..
##......+.<.#.#.#.#######
#...#...#...#.#.#........
#...#...#...#.#.#........
#...#####...#.#.#........
#...# #####+#+#.#†#####..
#...# #.........@.# ##'##
#........e..# ##.##
#..........)#
+...###...........#####.
##....'..................
##.###..........########
###.###..........#
..(..............##
###.....#.........#


You could see Dowan.

Vanquished Creatures
  The ghost of Jaiteiro the Chiller, a novice GrIE of Vehumet (D:4)
  Duvessa (D:5)
  An ogre (D:4)
  2 adders
  An ooze (D:1)
  An adder skeleton (D:4)
  A worm (D:3)
  A dart slug (D:1)
  4 leopard geckos
  An orc (D:3)
  6 bats
  A giant cockroach (D:2)
  5 goblins (D:1)
  5 hobgoblins
  7 kobolds
  7 frilled lizards
  A leopard gecko skeleton (D:4)
  5 rats
51 creatures vanquished.

Notes
Turn   | Place    | Note
-------+----------+-------------------------------------------
     0 | D:1      | diana the Demonspawn Gladiator began the quest for the Orb.
     0 | D:1      | Reached XP level 1. HP: 16/16 MP: 1/1
    85 | D:1      | Reached skill level 3 in Long Blades
    89 | D:1      | Gained mutation: You are partially covered in icy blue scales. (AC +2) [demonic ancestry]
    89 | D:1      | Reached XP level 2. HP: 13/22 MP: 2/2
   368 | D:1      | Reached XP level 3. HP: 21/28 MP: 3/3
   934 | D:2      | Found a blossoming altar of Fedhas.
  1837 | D:3      | Gained mutation: You regenerate a little health from kills. [demonic ancestry]
  1837 | D:3      | Reached XP level 4. HP: 33/34 MP: 4/4
  1840 | D:3      | Found an ornate altar of the Wu Jian Council.
  1843 | D:3      | Noticed diana's ghost (amateur DsGl)
  2164 | D:3      | Found a sparkling altar of Nemelex Xobeh.
  2164 | D:3      | Found an ornate altar of the Wu Jian Council.
  2166 | D:3      | Found a shimmering altar of Xom.
  2166 | D:3      | Found an opulent altar of Gozag.
  2166 | D:3      | Found a shimmering altar of Xom.
  2545 | D:4      | Noticed an ogre
  2549 | D:4      | Killed an ogre
  2549 | D:4      | Reached skill level 4 in Long Blades
  2549 | D:4      | Reached XP level 5. HP: 41/41 MP: 5/5
  2640 | D:4      | Noticed Jaiteiro's ghost (novice GrIE)
  2658 | D:4      | Killed Jaiteiro's ghost
  2658 | D:4      | Reached skill level 5 in Long Blades
  2658 | D:4      | Gained mutation: You are immune to rotting. [demonic ancestry]
  2658 | D:4      | Reached XP level 6. HP: 26/48 MP: 6/6
  3228 | D:5      | Entered Level 5 of the Dungeon
  3289 | D:5      | Noticed Duvessa
  3301 | D:5      | Noticed Dowan
  3306 | D:5      | Killed Duvessa
  3316 | D:5      | HP: 2/48 [Dowan/dagger (6)]
  3316 | D:5      | Slain by Dowan

Skill      XL: |  1  2  3  4  5  6 |
---------------+-------------------+-----
Long Blades    | 3 4 5 |  5.3
Dodging        | 3 4 |  4.2
Fighting       | 3 4 |  4.0
Throwing       | |  1.7

Action                   |  1- 3 |  4- 6 || total
-------------------------+-------+-------++-------
Melee: Long sword        |    59 |       ||    59
       Great sword       |    26 |    58 ||    84
 Stab: Distracted        |     1 |       ||     1
  Eat: Ration            |     1 |       ||     1
       Chunk             |       |     3 ||     3
Armor: Leather armour    |    25 |    23 ||    48
Dodge: Dodged            |    80 |    52 ||   132
       Rpst.: Long sword |    20 |       ||    20
       Great sword       |     3 |    16 ||    19
